 Dungeon Crawl Stone Soup version 0.28.0-47-ge53b351184 (webtiles) character file.

Game seed: 6597714708658223649

1536 Gabide the Magician (level 8, -3/61 HPs)
             Began as a Mummy Necromancer on Apr 25, 2022.
             Slain by a wight
             ... wielding a +4 battleaxe
              (16 damage)
             ... on level 5 of the Dungeon.
             The game lasted 00:18:30 (10366 turns).

Gabide the Magician (Mummy Necromancer)            Turns: 10366, Time: 00:18:30

Health: -3/61      AC:  7    Str: 11    XL:     8   Next: 56%
Magic:  17/17      EV: 13    Int: 23    God:
Gold:   286        SH:  0    Dex: 12    Spells: 7/20 levels left

rFire   . . .      SeeInvis .   i - +0 long sword (vorpal)
rCold   + . .      Faith    .   (no shield)
rNeg    + + +      Spirit   .   p - +2 robe {rF+}
rPois   ∞          Reflect  .   e - +0 helmet
rElec   .          Harm     .   t - +0 cloak
rCorr   .          Rampage  .   b - +0 pair of gloves
Will    +....                   (no boots)
Stlth   ++........              (no amulet)
HPRegen 0.20/turn               l - ring "Rostrinna" {+Blink Int+6}
MPRegen 0.15/turn               (no ring)

@: no status effects
A: cold resistance 1, negative energy resistance 3, torment resistance 2, heat
vulnerability 1, no potions
a: Evoke Blink


You were on level 5 of the Dungeon.
You visited 1 branch of the dungeon, and saw 7 of its levels.

You collected 286 gold pieces.

Inventory:

Hand Weapons
 f - a +2 dagger of venom
 i - a +0 vorpal long sword (weapon)
 u - a +2 quarterstaff of chaos
Armour
 b - a +0 pair of gloves (worn)
 e - a +0 helmet (worn)
 k - an orb of light
 p - a +2 robe of fire resistance (worn)
 t - a +0 cloak (worn)
Jewellery
 d - a ring of flight
 l - the ring "Rostrinna" (left hand) {+Blink Int+6}
   (You found it on level 2 of the Dungeon)

   [ring of intelligence]

   Int:       It affects your intelligence (+6).
   +Blink:    It lets you blink.
Wands
 r - a wand of flame (11)
Scrolls
 a - a scroll of amnesia {unknown}
 c - a scroll of fog
 g - 2 scrolls of magic mapping {unknown}
 h - 3 scrolls of identify {unknown}
 j - a scroll of brand weapon {unknown}
 m - a scroll of fear {unknown}
 n - a scroll of noise {unknown}
 o - a scroll of acquirement {unknown}
 q - a scroll of vulnerability
 s - a scroll of silence {unknown}


   Skills:
 * Level 4.8 Fighting
 * Level 4.4 Dodging
 + Level 3.5 Stealth
 * Level 6.5 Spellcasting
 * Level 6.5 Necromancy


You had 7 spell levels left.
You knew the following spells:

 Your Spells              Type           Power      Damage    Failure   Level
a - Pain                  Necr           100%       1d9       1%          1
b - Vampiric Draining     Necr           37%        2d8       1%          3
c - Animate Dead          Necr           18%        N/A       5%          4
d - Agony                 Necr           37%        N/A       16%         5

Your spell library contained the following spells:

 Spells                   Type           Power      Damage    Failure   Level
 Animate Skeleton         Necr           74%        N/A       1%          1
 Slow                     Hex            28%        N/A       9%          1
 Ensorcelled Hibernation  Hex/Ice        14%        N/A       12%         2
 Anguish                  Hex/Necr       11%        N/A       22%         4
 Confusing Touch          Hex            7%         N/A       24%         3
 Conjure Flame            Conj/Fire      7%         6-21      24%         3
 Ignite Poison            Fire/Tmut/Pois 7%         N/A       24%         3
 Inner Flame              Hex/Fire       7%         N/A       24%         3
 Tukima's Dance           Hex            7%         N/A       24%         3
 Cause Fear               Hex            3%         N/A       63%         4
 Passage of Golubria      Tloc           7%         N/A       63%         4
 Sticky Flame             Conj/Fire      7%         2d3       63%         4
 Summon Lightning Spire   Summ/Air       7%         N/A       63%         4
 Yara's Violent Unravell  Hex/Tmut       3%         3d4       92%         5
 Discord                  Hex            3%         N/A       100%        8
 Maxwell's Capacitive Co  Air            3%         ∞         100%        8
 Spider Form              Tmut/Pois      Unusable   N/A       N/A         3
 Storm Form               Tmut/Air       Unusable   N/A       N/A         7

Dungeon Overview and Level Annotations

Branches:
Dungeon (7/15)
 Temple: D:4-7

Altars:
Nemelex Xobeh
Qazlal
Zin

Shops:
D:6 *   D:7 [


Innate Abilities, Weirdness & Mutations

You are immune to poison.
Your flesh is cold resistant. (rC+)
You are immune to negative energy. (rN+++)
You are immune to unholy pain and torment.
You are vulnerable to heat. (rF-)
You do not drink.


Message History

You start resting.
HP restored.
You start waiting.
Done waiting.
You climb downwards.
The wight hits you with a +4 battleaxe!!
The wight closely misses you. The wight barely misses you.
The wight completely misses you.
There is a stone staircase leading up here.
The wight barely misses you. The wight hits you with a +2 dagger!
The wight closely misses you.
You climb upwards.
There is a stone staircase leading down here.
Press: ? - help, v - describe, . - travel A stone staircase leading down.
Unknown command.
Unknown command.
The wight hits you but does no damage. The wight hits you with a +0 scimitar!
Press: ? - help, v - describe, . - travel
Here: a wight, wielding a +4 battleaxe and wearing a +0 robe The floor.
Unknown command.
There is a stone staircase leading up here.
The wight closely misses you.
You climb upwards.
There is a stone staircase leading down here.
You hit the wight.
The wight is moderately damaged.
The wight hits you with a +0 scimitar. The wight closely misses you.
The wight misses you.
You slash the wight!
The wight is almost destroyed.
The wight misses you. The wight barely misses you. x2
You hit the wight but do no damage.
The wight is almost destroyed.
The wight hits you with a +0 scimitar!
* * * LOW HITPOINT WARNING * * *
The wight hits you with a +4 battleaxe!
You die...

#.#.................
#.#.###########.#...
#.#.# #.#... #.#.#
#.#... #.#(# #.#...
#.#.# #.#... #.#.#
###.####
#.#z#########.......
#.#@z...............
#.###.######....####
#.# #.#....#....#...
#.# #.#.##.#....#.##
#.# #.#<##.#....#.#.
#.# #....#.#....#.#.
#.# #......#....#.#.
#.####..........#.#.
#...............#.#.


You could see 2 wights.

Vanquished Creatures
  Sigmund (D:5)
  Edmund (D:5)
  Menkaure (D:5)
  A water moccasin (D:6)
  An ice beast (D:5)
  A black bear (D:4)
  A centaur (D:5)
  2 bullfrogs (D:7)
  A scorpion (D:6)
  A wight (D:6)
  2 hounds
  Crazy Yiuf (D:6)
  2 centaur skeletons
  An orc priest (D:5)
  3 iguanas
  3 orc wizards
  A hound skeleton (D:4)
  3 gnolls (D:6)
  5 adders
  A howler monkey skeleton (D:6)
  A river rat (D:3)
  2 white imps
  3 worms
  4 dart slugs
  9 orcs
  9 ball pythons
  8 endoplasms
  5 giant cockroaches
  6 goblins
  10 hobgoblins
  5 jackals
  3 quokkas
  7 bats
  7 kobolds
  8 rats
120 creatures vanquished.

Vanquished Creatures (others)
  A plant (D:1)
1 creature vanquished.

Grand Total: 121 creatures vanquished

Notes
Turn   | Place    | Note
-------+----------+-------------------------------------------
     0 | D:1      | Gabide the Mummy Necromancer began the quest for the Orb.
     0 | D:1      | Reached XP level 1. HP: 13/13 MP: 4/4
   197 | D:1      | Found a faded altar of an unknown god.
   522 | D:1      | Reached XP level 2. HP: 20/20 MP: 2/5
  1039 | D:1      | Reached skill level 1 in Fighting
  1371 | D:1      | Reached XP level 3. HP: 26/26 MP: 5/7
  2499 | D:2      | Reached XP level 4. HP: 32/32 MP: 1/9
  2500 | D:2      | Identified the ring "Rostrinna" {+Blink Int+6}
  2694 | D:2      | Learned a level 3 spell: Vampiric Draining
  2699 | D:2      | Learned a level 4 spell: Animate Dead
  3614 | D:3      | Found a sparkling altar of Nemelex Xobeh.
  4705 | D:4      | Reached XP level 5. HP: 38/38 MP: 6/10
  5080 | D:4      | You fall into a shaft and drop 2 floors!
  5135 | D:6      | Noticed a water moccasin
  5291 | D:5      | Entered Level 5 of the Dungeon
  5472 | D:5      | Noticed Menkaure
  5485 | D:5      | Noticed a black bear
  5487 | D:5      | Noticed an ice beast
  6581 | D:4      | Killed a black bear
  6582 | D:4      | Reached skill level 5 in Necromancy
  6582 | D:4      | Reached XP level 6. HP: 46/46 MP: 3/12
  6751 | D:5      | Killed an ice beast
  6841 | D:5      | Noticed Sigmund
  6854 | D:5      | Killed Sigmund
  6855 | D:5      | Reached skill level 5 in Spellcasting
  6855 | D:5      | Reached XP level 7. HP: 52/52 MP: 1/14
  7363 | D:5      | Noticed Edmund
  7728 | D:5      | Killed Edmund
  7929 | D:5      | Killed Menkaure
  8044 | D:5      | Reached XP level 8. HP: 60/60 MP: 6/16
  8886 | D:6      | Found a stormy altar of Qazlal.
  9016 | D:6      | Found a runed translucent door.
  9017 | D:6      | Noticed Crazy Yiuf
  9079 | D:6      | Found Borueroh's Assorted Antiques.
  9260 | D:6      | Killed Crazy Yiuf
  9572 | D:7      | Learned a level 5 spell: Agony
  9823 | D:7      | Found Zazedgh's Antique Armour Boutique.
 10122 | D:7      | Found Lemukhle's Jewellery Emporium.
 10366 | D:5      | Slain by a wight

Illustrated notes

Levels and vault maps discovered:
D:1:      onia_arrival_pyramid, layout_loops_corners,
          dilly_ecumenical_altar_fadedgnrine
D:2:      layout_loops_ring, minmay_increasing_density
D:3:      layout_basic, nicolae_overflow_hidden_temple, serial_corexii_hall,
          corexii_hall_statues_t, corexii_hall_statues_x, portal_sewer_entry_b,
          nrook_campfire
D:4:      layout_basic, zin_treasury
D:5:      layout_basic, minmay_liquid_box, uniq_edmund, uniq_menkaure,
          uniq_sigmund
D:6:      layout_cave_pools, grunt_qazlal_clouds, serial_shops,
          nicolae_lakefront_shop, uniq_crazy_yiuf_cottage
D:7:      layout_cave_pods, mainiacjoe_overflow_paths,
          minmay_temple_entry_antechambers, serial_shops, nicolae_shop_stone,
          shop, shop

Skill      XL: |  1  2  3  4  5  6  7  8 |
---------------+-------------------------+-----
Spellcasting   | 3 4 5 6 |  6.5
Fighting       | 1 2 3 4 |  4.8
Dodging        | 2 3 4 |  4.4
Stealth        | 2 3 |  3.5
Necromancy     | 5 6 |  6.5

Action                   |  1- 3 |  4- 6 |  7- 9 || total
-------------------------+-------+-------+-------++-------
Melee: Unarmed           |     7 |       |       ||     7
       Dagger            |     5 |     1 |       ||     6
       Long sword        |       |    18 |    23 ||    41
       Punch             |       |       |     1 ||     1
 Cast: Pain              |   104 |    67 |    73 ||   244
       Vampiric Draining |       |    13 |    20 ||    33
Evoke: Wand              |       |     2 |     5 ||     7
  Use: Scroll            |       |     4 |     1 ||     5
 Stab: Sleeping          |     1 |       |       ||     1
       Distracted        |       |       |     1 ||     1
Armor: Robe              |     4 |    21 |    22 ||    47
Dodge: Dodged            |    17 |    39 |    68 ||   124
